 Dungeon Crawl Stone Soup version 0.25-a0-265-g7af84ae0ac (webtiles) character file.

Game seed: 224691149153762685, levelgen mode: deterministic

17902 Doodad the Fighter (level 12, -3/90 HPs)
             Began as a Gnoll Wanderer on Dec 8, 2019.
             Was a High Priest of Makhleb.
             Slain by a large slime creature (28 damage)
             ... on level 14 of the Dungeon.
             The game lasted 00:31:48 (11982 turns).

Doodad the Fighter (Gnoll Wanderer)                Turns: 11982, Time: 00:31:50

Health: -3/90      AC: 16    Str: 19    XL:     12   Next: 52%
Magic:  22/22      EV: 10    Int: 20    God:    Makhleb [*****.]
Gold:   947        SH:  7    Dex: 20    Spells: 25/25 levels left

rFire    + . .     SeeInvis .   b - +4 scimitar (venom)
rCold    + + .     Gourm    .   x - +0 buckler
rNeg     . . .     Faith    .   w - +0 plate armour
rPois    .         Spirit   .   (helmet restricted)
rElec    +         Reflect  .   h - +1 cloak
rCorr    .         Harm     .   D - +0 pair of gloves of Feasting {*Slow Regen+ Int+4}
MR       .....                  (no boots)
Stlth    ..........             i - amulet of regeneration
HPRegen  1.05/turn              k - ring of protection from cold
MPRegen  0.18/turn              M - ring "Homeqacu" {*Slow rElec rF+ rC+ Str+3 Int+3}

@: about to teleport
A: distributed training, fangs 1, horns 1, blink, frail 1, strong nose
a: Blink, Minor Destruction, Lesser Servant of Makhleb, Major Destruction,
Greater Servant of Makhleb, Renounce Religion


You were on level 14 of the Dungeon.
You worshipped Makhleb.
Makhleb was extremely pleased with you.
You were not hungry.

You visited 1 branch of the dungeon, and saw 14 of its levels.
You also visited: Sewer.

You collected 971 gold pieces.
You spent 24 gold pieces at shops.

Inventory:

Hand Weapons
 a - a +3 short sword of electrocution
 b - a +4 scimitar of venom (weapon)
 z - a +1 falchion of holy wrath
 K - a +5 falchion of freezing
 P - a +1 long sword of electrocution
Missiles
 e - 2 throwing nets
 m - 20 boomerangs
 G - 36 poisoned darts (quivered)
Armour
 h - a +1 cloak (worn)
 w - a +0 plate armour (worn)
 x - a +0 buckler (worn)
 D - the +0 pair of gloves of Feasting (worn) {*Slow Regen+ Int+4}
   (You found it on level 6 of the Dungeon)

   It affects your intelligence (+4).
   It increases your rate of regeneration.
   It may slow you when you take damage.
 E - the +1 helmet of Ongepr Caze {rC+}
   (You found it on level 6 of the Dungeon)

   It protects you from cold.
Jewellery
 i - an amulet of regeneration (around neck)
 k - a ring of protection from cold (left hand)
 u - an uncursed ring of fire
 v - an uncursed ring of flight
 I - an uncursed ring of positive energy
 M - the ring "Homeqacu" (right hand) {*Slow rElec rF+ rC+ Str+3 Int+3}
   (You found it on level 10 of the Dungeon)

   [ring of intelligence]

   It affects your strength (+3).
   It affects your intelligence (+3).
   It protects you from fire.
   It protects you from cold.
   It insulates you from electricity.
   It may slow you when you take damage.
Wands
 J - a wand of acid (17)
 O - a wand of random effects (22)
 Q - a wand of flame (16)
Scrolls
 c - a scroll of blinking
 g - 3 scrolls of magic mapping
 l - a scroll of teleportation
 n - 6 scrolls of remove curse
 o - 11 scrolls of identify
 t - 2 scrolls of amnesia
 y - 6 scrolls of fear
 H - a scroll of enchant armour
 N - 2 scrolls of enchant weapon
Potions
 d - a potion of curing
 j - 2 potions of ambrosia
 p - a potion of invisibility
 q - 3 potions of berserk rage
 r - 3 potions of heal wounds
 s - 5 potions of lignification
 A - 2 potions of flight
 B - 2 potions of brilliance
 C - 3 potions of haste
 F - 2 potions of agility
Comestibles
 f - 26 rations
 L - 7 chunks of flesh


   Skills:
 + Level 11.0 Fighting
 + Level 7.2 Short Blades
 + Level 9.8 Long Blades
 + Level 7.2 Axes
 + Level 7.2 Maces & Flails
 + Level 7.2 Polearms
 + Level 7.2 Staves
 + Level 7.2 Slings
 + Level 7.2 Bows
 + Level 7.2 Crossbows
 + Level 7.2 Throwing
 + Level 7.2 Armour
 + Level 7.2 Dodging
 + Level 9.4 Stealth
 + Level 7.2 Shields
 + Level 7.2 Unarmed Combat
 + Level 7.2 Spellcasting
 + Level 6.0 Conjurations
 + Level 6.0 Hexes
 + Level 6.0 Charms
 + Level 6.0 Summonings
 + Level 6.0 Necromancy
 + Level 6.0 Translocations
 + Level 6.0 Transmutations
 + Level 6.0 Fire Magic
 + Level 6.0 Ice Magic
 + Level 6.0 Air Magic
 + Level 6.0 Earth Magic
 + Level 6.0 Poison Magic
 + Level 7.9 Invocations
 + Level 7.2 Evocations


You had 25 spell levels left.
You didn't know any spells.
Your spell library contained the following spells:

 Spells                   Type           Power        Failure   Level  Hunger
 Confusing Touch          Hex            ####..       19%         1    None
 Confuse                  Hex            ####....     50%         3    #......
 Gell's Gravitas          Tloc           ####......   50%         3    #......
 Petrify                  Tmut/Erth      ####....     88%         4    ###....
 Metabolic Englaciation   Hex/Ice        ####......   99%         5    #####..
 Yara's Violent Unravell  Hex/Tmut       ####......   99%         5    #####..


Dungeon Overview and Level Annotations

Branches:
Dungeon (14/15)            Temple (0/1) D:5            Lair (0/6) D:10
    Orc (0/2) D:11          Sewer (visited)
 Vaults: D:13-14

Altars:
Ashenzari
Cheibriados
Dithmenos
Elyvilon
Makhleb
Nemelex Xobeh
Ru
Sif Muna
Trog
Uskayaw
Wu Jian
Xom
Yredelemnul
Zin

Shops:
D:4 =*?}*

Portals:
Trove: D:13 (give +6 fire dragon scales)

Annotations:
D:8 3 runed translucent doors


Innate Abilities, Weirdness & Mutations

Your experience applies equally to all skills.
You have very sharp teeth.
Your uncanny sense of smell can sniff out nearby items.
You have a pair of small horns on your head.
You can translocate small distances at will.
You are frail. (-10% HP)


Message History

The large slime creature hits you but does no damage.
The slime creature hits you.
* * * LOW HITPOINT WARNING * * *
A centaur comes into view.
The centaur shouts!
You hear a horrible gurgling sound!
A brown ugly thing comes into view.
The centaur wields a +0 shortbow.
The centaur shoots an arrow.
The arrow hits you.
* * * LOW HITPOINT WARNING * * *
A brown ugly thing comes into view. x2
The brown ugly thing moves out of view.
The brown ugly thing gurgles horribly!
You see here an arrow.
As you read the scroll of teleportation, it crumbles to dust.
You feel strangely unstable.
You hear a horrible gurgling sound!
A centaur warrior comes into view.
The centaur shoots an arrow.
The arrow hits you but does no damage. The large slime creature hits you!!
You die...

....... .......
....... .......
.......######
.....o.o(...#
......#c....#########
##... #JJ...#.......#
......#@............#
..c............>....#
c##.##..............#
∆ ....#####.......#
.................#
.................#
.........#.######.#
..........#.# ∆ #
#.......#


You could see a large slime creature, a slime creature, a centaur warrior, an
orc warrior and 2 centaurs.

Vanquished Creatures
  Gastronok (D:10)
  A vault guard (D:13)
  A two-headed ogre (D:12)
  An unseen horror (shapeshifter) (D:14)
  2 unseen horrors
  An ugly thing (D:13)
  A manticore (D:13)
  Psyche (D:11)
  An efreet (D:13)
  A komodo dragon (D:10)
  A komodo dragon (shapeshifter) (D:14)
  4 hornets
  A hippogriff (D:13)
  4 trolls
  4 slime creatures
  Sigmund (D:5)
  11 yaks
  A wyvern (D:10)
  3 wraiths
  A hungry ghost (D:9)
  A soldier ant (D:12)
  3 water moccasins
  A swamp drake (D:10)
  5 orc warriors
  Purgy (Sewer)
  2 sky beasts
  2 eyes of draining
  A phantom (D:12)
  5 ice beasts
  3 ogres
  6 centaurs
  A necrophage (D:9)
  A crocodile (D:10)
  5 bullfrogs
  A wyvern zombie (D:9)
  2 scorpions
  5 killer bees (D:10)
  9 wights
  2 howler monkeys
  4 hounds
  4 bullfrog zombies
  8 crimson imps
  A bullfrog skeleton (D:12)
  12 orc priests
  2 centaur skeletons
  3 jellies
  3 iguanas
  16 orc wizards
  4 worker ants
  A killer bee zombie (D:6)
  A hound skeleton (D:10)
  2 worker ant zombies
  14 adders
  A river rat (D:4)
  4 shadow imps
  An ooze (D:1)
  2 adder zombies (D:5)
  2 adder skeletons
  10 worms
  3 dart slugs
  11 leopard geckos
  55 orcs
  9 giant cockroaches
  7 goblins
  8 hobgoblins
  13 jackals
  9 quokkas
  2 ball pythons
  8 bats
  4 frilled lizards
  10 kobolds
  A leopard gecko skeleton (D:7)
  A quokka skeleton (D:7)
  11 rats
345 creatures vanquished.

Notes
Turn   | Place    | Note
-------+----------+-------------------------------------------
     0 | D:1      | Doodad the Gnoll Wanderer began the quest for the Orb.
     0 | D:1      | Doodad set off with the following items: a +2 dagger, a
                  | potion of berserk rage, a +0 falchion, a potion of curing,
                  | a +0 robe, a ration
     0 | D:1      | Reached XP level 1. HP: 26/26 MP: 1/1
   131 | D:1      | Reached XP level 2. HP: 31/33 MP: 2/2
   201 | D:1      | Reached XP level 3. HP: 13/38 MP: 3/3
   634 | D:1      | Reached skill level 1 in Invocations
   983 | D:2      | Reached skill level 1 in Short Blades
   983 | D:2      | Reached skill level 1 in Axes
   983 | D:2      | Reached skill level 1 in Maces & Flails
   983 | D:2      | Reached skill level 1 in Polearms
   983 | D:2      | Reached skill level 1 in Staves
   983 | D:2      | Reached skill level 1 in Slings
   983 | D:2      | Reached skill level 1 in Bows
   983 | D:2      | Reached skill level 1 in Crossbows
   983 | D:2      | Reached skill level 1 in Throwing
   983 | D:2      | Reached skill level 1 in Armour
   983 | D:2      | Reached skill level 1 in Dodging
   983 | D:2      | Reached skill level 1 in Shields
   983 | D:2      | Reached skill level 1 in Unarmed Combat
   983 | D:2      | Reached skill level 1 in Spellcasting
   983 | D:2      | Reached skill level 1 in Evocations
  1028 | D:2      | Reached XP level 4. HP: 45/45 MP: 5/5
  1455 | D:2      | Reached skill level 1 in Conjurations
  1455 | D:2      | Reached skill level 1 in Hexes
  1455 | D:2      | Reached skill level 1 in Charms
  1455 | D:2      | Reached skill level 1 in Summonings
  1455 | D:2      | Reached skill level 1 in Necromancy
  1455 | D:2      | Reached skill level 1 in Translocations
  1455 | D:2      | Reached skill level 1 in Transmutations
  1455 | D:2      | Reached skill level 1 in Fire Magic
  1455 | D:2      | Reached skill level 1 in Ice Magic
  1455 | D:2      | Reached skill level 1 in Air Magic
  1455 | D:2      | Reached skill level 1 in Earth Magic
  1455 | D:2      | Reached skill level 1 in Poison Magic
  1976 | D:3      | Reached XP level 5. HP: 51/51 MP: 6/6
  2169 | D:3      | Found a shimmering blue altar of Sif Muna.
  2222 | D:3      | Found a faded altar of an unknown god.
  2303 | D:3      | Found a burning altar of Makhleb.
  2304 | D:3      | Found a shimmering altar of Xom.
  2431 | D:3      | Found a sacrificial altar of Ru.
  2545 | D:3      | Became a worshipper of Makhleb the Destroyer
  2591 | D:4      | Found a white marble altar of Elyvilon.
  2659 | D:4      | Found Zazaaq's General Store.
  2669 | D:4      | Reached XP level 6. HP: 57/57 MP: 8/8
  2671 | D:4      | Found Adig's Magic Scroll Shoppe.
  2698 | D:4      | Bought a scroll of identify for 24 gold pieces
  2712 | D:4      | Found Lisir's Gadget Emporium.
  2719 | D:4      | Found a glowing drain.
  2753 | Sewer    | Entered a sewer
  2870 | Sewer    | Noticed Purgy
  2879 | Sewer    | Killed Purgy
  3061 | D:4      | Reached XP level 7. HP: 58/63 MP: 10/10
  3310 | D:4      | Found Gyff's Assorted Antiques.
  3371 | D:4      | Reached * piety under Makhleb
  3432 | D:4      | Found Odwiu's Jewellery Shoppe.
  3634 | D:5      | Entered Level 5 of the Dungeon
  3634 | D:5      | Found a staircase to the Ecumenical Temple.
  3720 | D:5      | Noticed Sigmund
  3727 | D:5      | Killed Sigmund
  3749 | D:5      | Reached skill level 9 in Fighting
  3913 | D:5      | Reached XP level 8. HP: 71/71 MP: 12/12
  5072 | D:6      | Got a pair of translucent gloves
  5078 | D:6      | Identified the +0 pair of gloves of Feasting {*Slow Regen+
                  | Int+4} (You found it on level 6 of the Dungeon)
  5131 | D:6      | Got a steaming helmet
  5142 | D:6      | Identified the +1 helmet of Ongepr Caze {rC+} (You found it
                  | on level 6 of the Dungeon)
  5255 | D:6      | Reached ** piety under Makhleb
  5345 | D:6      | Reached XP level 9. HP: 76/76 MP: 14/14
  5605 | D:6      | Noticed an angel
  5606 | D:6      | Found a glowing silver altar of Zin.
  6257 | D:7      | Found a snail-covered altar of Cheibriados.
  6258 | D:7      | Found a basalt altar of Yredelemnul.
  6301 | D:7      | Found an ornate altar of the Wu Jian Council.
  6302 | D:7      | Found a shattered altar of Ashenzari.
  6574 | D:7      | Gained mutation: You occasionally shout uncontrollably at
                  | your foes. [potion of mutation]
  6574 | D:7      | Gained mutation: You are agile. (Dex +2) [potion of
                  | mutation]
  6574 | D:7      | Gained mutation: You are resistant to hostile enchantments.
                  | (MR+) [potion of mutation]
  6753 | D:7      | Found a bloodstained altar of Trog.
  6865 | D:8      | Found a hide-covered altar of Uskayaw.
  6997 | D:8      | Found a shadowy altar of Dithmenos.
  7294 | D:8      | Found a runed translucent gate.
  7294 | D:8      | Found a runed translucent gate.
  7294 | D:8      | Found a runed translucent gate.
  7294 | D:8      | Noticed a cyan ugly thing
  7294 | D:8      | Noticed a purple ugly thing
  7294 | D:8      | Noticed a cyan ugly thing
  7295 | D:8      | Noticed a brown ugly thing
  7295 | D:8      | Noticed a brown ugly thing
  7659 | D:8      | Reached skill level 5 in Invocations
  7673 | D:8      | Reached *** piety under Makhleb
  7814 | D:9      | Reached XP level 10. HP: 84/84 MP: 17/17
  8063 | D:9      | Reached skill level 5 in Short Blades
  8063 | D:9      | Reached skill level 5 in Axes
  8063 | D:9      | Reached skill level 5 in Maces & Flails
  8063 | D:9      | Reached skill level 5 in Polearms
  8063 | D:9      | Reached skill level 5 in Staves
  8063 | D:9      | Reached skill level 5 in Slings
  8063 | D:9      | Reached skill level 5 in Bows
  8063 | D:9      | Reached skill level 5 in Crossbows
  8063 | D:9      | Reached skill level 5 in Throwing
  8063 | D:9      | Reached skill level 5 in Armour
  8063 | D:9      | Reached skill level 5 in Dodging
  8063 | D:9      | Reached skill level 5 in Shields
  8063 | D:9      | Reached skill level 5 in Unarmed Combat
  8063 | D:9      | Reached skill level 5 in Spellcasting
  8063 | D:9      | Reached skill level 5 in Evocations
  8089 | D:9      | Reached skill level 10 in Fighting
  8251 | D:9      | Found a sparkling altar of Nemelex Xobeh.
  8408 | D:10     | Entered Level 10 of the Dungeon
  8429 | D:10     | Reached **** piety under Makhleb
  8443 | D:10     | Lost mutation: You are resistant to hostile enchantments.
                  | (MR+) [potion of mutation]
  8443 | D:10     | Lost mutation: You occasionally shout uncontrollably at
                  | your foes. [potion of mutation]
  8443 | D:10     | Gained mutation: Your spells are a little easier to cast,
                  | but a little less powerful. [potion of mutation]
  8443 | D:10     | Gained mutation: Scrolls take you a little longer to read.
                  | [potion of mutation]
  8443 | D:10     | Lost mutation: Your spells are a little easier to cast, but
                  | a little less powerful. [potion of mutation]
  8637 | D:10     | Noticed Gastronok
  8659 | D:10     | Killed Gastronok
  8659 | D:10     | Reached XP level 11. HP: 49/91 MP: 17/19
  8756 | D:10     | Got a warped copper ring
  9091 | D:10     | Found a staircase to the Lair.
  9508 | D:11     | Reached skill level 5 in Conjurations
  9508 | D:11     | Reached skill level 5 in Hexes
  9508 | D:11     | Reached skill level 5 in Charms
  9508 | D:11     | Reached skill level 5 in Summonings
  9508 | D:11     | Reached skill level 5 in Necromancy
  9508 | D:11     | Reached skill level 5 in Translocations
  9508 | D:11     | Reached skill level 5 in Transmutations
  9508 | D:11     | Reached skill level 5 in Fire Magic
  9508 | D:11     | Reached skill level 5 in Ice Magic
  9508 | D:11     | Reached skill level 5 in Air Magic
  9508 | D:11     | Reached skill level 5 in Earth Magic
  9508 | D:11     | Reached skill level 5 in Poison Magic
  9539 | D:11     | Lost mutation: Scrolls take you a little longer to read.
                  | [potion of mutation]
  9539 | D:11     | Lost mutation: You are agile. (Dex +2) [potion of mutation]
  9539 | D:11     | Gained mutation: You are frail. (-10% HP) [potion of
                  | mutation]
  9539 | D:11     | Gained mutation: You have a pair of small horns on your
                  | head. [potion of mutation]
  9539 | D:11     | Gained mutation: You can translocate small distances at
                  | will. [potion of mutation]
  9551 | D:11     | Identified the ring "Homeqacu" {*Slow rElec rF+ rC+ Str+3
                  | Int+3} (You found it on level 10 of the Dungeon)
  9571 | D:11     | Noticed Psyche
  9582 | D:11     | Killed Psyche
  9587 | D:11     | Killed an unseen horror
  9917 | D:11     | Found a staircase to the Orcish Mines.
  9993 | D:11     | Reached ***** piety under Makhleb
 10594 | D:12     | Noticed a two-headed ogre
 10609 | D:12     | Killed a two-headed ogre
 10714 | D:12     | Paralysed by a hornet for 2 turns
 10812 | D:12     | Reached XP level 12. HP: 61/89 MP: 22/22
 11176 | D:13     | Noticed a vault guard
 11191 | D:13     | Killed a vault guard
 11210 | D:13     | Found a portal to a secret trove of treasure.
 11423 | D:13     | Reached skill level 11 in Fighting
 11982 | D:14     | Noticed a centaur warrior
 11982 | D:14     | Slain by a large slime creature

Levels and vault maps discovered:
D:1:      wander_arrival_abandoned_jail, layout_rooms
D:2:      layout_loops_ring
D:3:      minmay_diamond_boxcup, layout_basic,
          grunt_temple_overflow_champion_of_chaos, lemuel_blue_sif_altar,
          chequers_ecumenical_altar_grove, nicolae_ru_awakened_eye
D:4:      layout_loops_ring, nicolae_overflow_crystal_walls, serial_shops,
          nicolae_shop_overgrown_old_shop, nicolae_shop_waterfront,
          nicolae_shop_window_shopping, shop, shop, first_ration,
          portal_sewer_entry_a
D:5:      layout_cave_pools, minmay_temple_entry_steel_oval, uniq_sigmund
D:6:      layout_basic, zin_angel
D:7:      layout_cave_pods, lightli_temple_of_fire, grunt_temple_overflow_open
D:8:      layout_loops_ring, old_standard_altar, lemuel_doored_altar,
          ploomutoo_gammafunk_ghost_potion_laboratory
D:9:      layout_small_grid, kennysheep_mini
D:10:     layout_roguey, erik_lair_dragon, uniq_gastronok
D:11:     layout_gridville, orc_0_dummy, uniq_psyche
D:12:     layout_roguey, hangedman_pestilent_swarm
D:13:     layout_basic, enter_trove_5
D:14:     layout_basic, david_vaults_4, ebering_ghost_inner_flame,
          kennysheep_decorative_pillar, minmay_evil_grid

Skill      XL: |  1  2  3  4  5  6  7  8  9 10 11 12 |
---------------+-------------------------------------+-----
Stealth        | 6 7 8 9 |  9.4
Invocations    | 1 2 3 4 5 6 7 |  7.9
Short Blades   | 1 2 3 4 5 6 7 |  7.2
Axes           | 1 2 3 4 5 6 7 |  7.2
Maces & Flails | 1 2 3 4 5 6 7 |  7.2
Polearms       | 1 2 3 4 5 6 7 |  7.2
Staves         | 1 2 3 4 5 6 7 |  7.2
Slings         | 1 2 3 4 5 6 7 |  7.2
Bows           | 1 2 3 4 5 6 7 |  7.2
Crossbows      | 1 2 3 4 5 6 7 |  7.2
Throwing       | 1 2 3 4 5 6 7 |  7.2
Armour         | 1 2 3 4 5 6 7 |  7.2
Dodging        | 1 2 3 4 5 6 7 |  7.2
Shields        | 1 2 3 4 5 6 7 |  7.2
Unarmed Combat | 1 2 3 4 5 6 7 |  7.2
Spellcasting   | 1 2 3 4 5 6 7 |  7.2
Evocations     | 1 2 3 4 5 6 7 |  7.2
Conjurations   | 1 2 3 4 5 6 |  6.0
Hexes          | 1 2 3 4 5 6 |  6.0
Charms         | 1 2 3 4 5 6 |  6.0
Summonings     | 1 2 3 4 5 6 |  6.0
Necromancy     | 1 2 3 4 5 6 |  6.0
Translocations | 1 2 3 4 5 6 |  6.0
Transmutations | 1 2 3 4 5 6 |  6.0
Fire Magic     | 1 2 3 4 5 6 |  6.0
Ice Magic      | 1 2 3 4 5 6 |  6.0
Air Magic      | 1 2 3 4 5 6 |  6.0
Earth Magic    | 1 2 3 4 5 6 |  6.0
Poison Magic   | 1 2 3 4 5 6 |  6.0
Long Blades    | 7 8 9 |  9.8
Fighting       | 9 10 11 | 11.0

Action                   |  1- 3 |  4- 6 |  7- 9 | 10-12 || total
-------------------------+-------+-------+-------+-------++-------
Melee: Dagger            |   135 |    12 |   121 |       ||   268
       Bite              |    17 |    20 |    77 |   104 ||   218
       Short sword       |       |   149 |   376 |     2 ||   527
       Punch             |       |     1 |       |       ||     1
       Falchion          |       |       |    11 |    83 ||    94
       Scimitar          |       |       |     9 |   435 ||   444
       Headbutt          |       |       |       |    93 ||    93
Throw: Dart              |       |       |       |    51 ||    51
  Use: Scroll            |       |    11 |     9 |     5 ||    25
       Potion            |       |     1 |     1 |     3 ||     5
 Stab: Sleeping          |     7 |    12 |     3 |       ||    22
       Distracted        |       |     1 |       |       ||     1
  Eat: Chunk             |     1 |     6 |    16 |    13 ||    36
       Ration            |       |       |       |     1 ||     1
Armor: Scale mail        |    92 |    75 |       |       ||   167
       Plate armour      |       |       |   250 |   313 ||   563
       Troll leather arm |       |       |     3 |       ||     3
Dodge: Dodged            |   100 |    80 |   112 |   166 ||   458
Block: Buckler           |       |    20 |   137 |   131 ||   288
       Rpst.: Scimitar   |       |       |     1 |    32 ||    33
       Falchion          |       |       |     1 |     8 ||     9

Table legend:
 A = Non-vault XP
 B = Vault XP
 C = Vault XP percentage of total XP
 D = Non-vault monster count
 E = Vault monster count
 F = Vault count percentage of total count
                 A         B        C        D         E       F
            +---------+---------+-------+---------+---------+-------
      Total |   18715 |    6860 |  26.8 |     312 |      33 |   9.6
            +---------+---------+-------+---------+---------+-------
        D:1 |      61 |       0 |   0.0 |      31 |       0 |   0.0
        D:2 |      81 |       0 |   0.0 |      19 |       0 |   0.0
        D:3 |      86 |      65 |  43.0 |      20 |       8 |  28.6
        D:4 |     292 |      19 |   6.1 |      20 |       6 |  23.1
        D:5 |     378 |     223 |  37.1 |      20 |       1 |   4.8
        D:6 |    1215 |       0 |   0.0 |      34 |       0 |   0.0
        D:7 |     737 |       0 |   0.0 |      19 |       0 |   0.0
        D:8 |    1151 |       0 |   0.0 |      22 |       0 |   0.0
        D:9 |    2383 |       0 |   0.0 |      33 |       0 |   0.0
       D:10 |    1011 |    3194 |  76.0 |      29 |       5 |  14.7
       D:11 |    2272 |     454 |  16.7 |      17 |       1 |   5.6
       D:12 |    3884 |     996 |  20.4 |      25 |       4 |  13.8
       D:13 |    4451 |    1002 |  18.4 |      16 |       1 |   5.9
       D:14 |     713 |     763 |  51.7 |       7 |       1 |  12.5
      Sewer |       0 |     144 | 100.0 |       0 |       6 | 100.0
            +---------+---------+-------+---------+---------+-------
